 Dungeon Crawl Stone Soup version 0.15.1-36-g70aec2e (webtiles) character file.

22 Psiweapon the Digger (level 2, 5/15 HPs)
             Began as a Tengu Earth Elementalist on Oct 19, 2014.
             Quit the game on Level 1 of the Dungeon.
             The game lasted 00:05:34 (638 turns).

Psiweapon the Digger (Tengu Earth Elementalist)      Turns: 638, Time: 00:05:34

HP   5/15        AC  2     Str  8      XL: 2   Next: 91%
MP   0/5         EV 13     Int 15      God:
Gold 32          SH  0     Dex 14      Spells:  2 memorised,  2 levels left

rFire  . . .     SeeInvis .     g - -3 whip (curse)
rCold  . . .     Clarity  .     c - +0 robe
rNeg   . . .     rCorr    .     (no shield)
rPois  .         rRot     .     (helmet restricted)
rElec  .         Spirit   .     (no cloak)
SustAb .         Warding  .     (no gloves)
rMut   .         Stasis   +     (boots unavailable)
Gourm  .                        e - amulet of stasis
MR     .....                    (no ring)
                                (no ring)

@: constricted, not resistant to hostile enchantments, unstealthy
A: beak, talons 3
a: no special abilities


You were on level 1 of the Dungeon.
You were not hungry.

You visited 1 branch of the dungeon, and saw 1 of its levels.

You collected 32 gold pieces.

Inventory:

Hand weapons
 g - a cursed -3 whip (weapon)
 j - a +0 short sword
Missiles
 b - 52 stones (quivered)
Armour
 c - a +0 robe (worn)
 h - a +0 pair of gloves
Comestibles
 a - a bread ration
Jewellery
 e - an amulet of stasis (around neck)
Potions
 k - a potion of lignification
Books
 d - a book of Geomancy

   Spells                             Type                      Level
   *Sandblast                         Earth                        1
   *Stoneskin                         Transmutation/Earth          2
   Passwall                           Transmutation/Earth          3
   Stone Arrow                        Conjuration/Earth            3
   Petrify                            Transmutation/Earth          4
   Lee's Rapid Deconstruction         Earth                        5


   Skills:
 + Level 0.2 Fighting
 + Level 2.4 Dodging
 + Level 2.0 Stealth
 + Level 0.2 Unarmed Combat
 + Level 2.2 Spellcasting
 + Level 0.7 Transmutations
 + Level 2.6 Earth Magic


You had 2 spell levels left.
You knew the following spells:

 Your Spells              Type           Power        Failure   Level  Hunger
a - Sandblast             Erth           #.....       10%         1    #......
b - Stoneskin             Trmt/Erth      #.......     17%         2    ###....


Dungeon Overview and Level Annotations

Branches:
Dungeon (1/15)

Altars:


Innate Abilities, Weirdness & Mutations

You have a beak for a mouth.
You have claws for feet.


Message History

The hobgoblin hits you but does no damage.
You hit the hobgoblin. Your peck misses the hobgoblin.
The hobgoblin is almost dead.
The rat bites you. The hobgoblin hits you. The rat barely misses you.
The hobgoblin hits you. The hobgoblin completely misses you.
You see here a club.
You hit the rat but do no damage. You claw the rat.
You kill the rat!
Casting: Sandblast
Confirm with . or Enter, or press ? or * to list all spells.
Aiming: Sandblast
Press: ? - help, Shift-Dir - straight line, f/p - hobgoblin
Aim: a hobgoblin (almost dead)
The blast of sand hits the hobgoblin.
The hobgoblin is almost dead.
The hobgoblin misses you. The ball python bites you. The ball python grabs you.
The ball python constricts you.
Are you sure you want to abandon this character and quit the game? (Confirm with "yes".)

............#..#.
#...........#.##.
#..........#.)##. . . .
##...........)##.. ..#.#.
#.###................#
..#...##.##...............###
#.#..##..##...>...........#
.###........##S..............#
................@.............#
...............g..............#
......#.).....................#
.............K.#.............##
.......#(##..####............#
........(#...#######.......#.#
.....%.........)..##.......#.#
......##.......##..##......# .
..........>.....##.######### .#


You could see a hobgoblin, a ball python and a kobold.

Vanquished Creatures
  A giant gecko (D:1)
  2 oozes (D:1)
  2 bats (D:1)
  3 goblins (D:1)
  2 hobgoblins (D:1)
  A ball python (D:1)
  A giant cockroach (D:1)
  A giant newt (D:1)
  3 kobolds (D:1)
  4 rats (D:1)
20 creatures vanquished.

Notes
Turn   | Place    | Note
--------------------------------------------------------------
     0 | D:1      | Psiweapon, the Tengu Earth Elementalist, began the quest for the Orb.
     0 | D:1      | Reached XP level 1. HP: 10/10 MP: 3/3
   132 | D:1      | Reached XP level 2. HP: 15/15 MP: 3/5
   278 | D:1      | Learned a level 2 spell: Stoneskin
   638 | D:1      | Quit the game

Action                   || total
-------------------------++-------
Melee: Unarmed           ||    18
       Dagger            ||     7
       Short sword       ||     5
       Whip              ||     3
 Cast: Sandblast         ||    24
  Use: Scroll            ||     2
 Stab: Sleeping          ||     1
